 Dungeon Crawl Stone Soup version 0.30-a0-777-ga9a30cbeda (webtiles) character file.

Game seed: 2666124455564028388

9 Esekla the Sneak (level 2, 21/21 HPs)
             Began as an Octopode Delver on Feb 15, 2023.
             Quit the game on level 5 of the Dungeon.
             The game lasted 00:02:15 (249 turns).

Esekla the Sneak (Octopode Delver)                   Turns: 249, Time: 00:02:16

Health: 21/21      AC:  1    Str: 11    XL:     2   Next: 12%
Magic:  2/2        EV: 13    Int: 12    God:
Gold:   3          SH:  0    Dex: 13    Spells: 1/1 levels left

rFire   . . .      SeeInvis .    a - +0 falchion
rCold   . . .      Faith    .    (no shield)
rNeg    . . .      Spirit   .    (helmet restricted)
rPois   .          Reflect  .    (no amulet)
rElec   .          Harm     .    (no ring)
rCorr   .          Rampage  .    (no ring)
Will    .....                    (no ring)
Stlth   ++++                     (no ring)
HPRegen 0.23/turn                (no ring)
MPRegen 0.08/turn                (no ring)
                                 (no ring)
                                 (no ring)

@: no status effects
A: almost no armour, amphibious, 8 rings, camouflage 1, gelatinous body 1,
(nimble swimmer 1), tentacles
a: no special abilities


You were on level 5 of the Dungeon.
You visited 1 branch of the dungeon, and saw 1 of its levels.

You collected 3 gold pieces.

Inventory:

Hand Weapons
 a - a +0 falchion (weapon)
Wands
 f - a wand of digging (2)
 g - a wand of iceblast (3)
Scrolls
 b - a scroll of fog
 d - a scroll of vulnerability {unknown}
Potions
 c - a potion of invisibility {unknown}
 e - 2 potions of ambrosia {unknown}
 h - a potion of attraction {unknown}


   Skills:
 * Level 3.1 Fighting
 * Level 2.1 Long Blades
 * Level 2.1 Dodging
 + Level 6.9 Stealth
 * Level 0.2 Spellcasting


You had one spell level left.
You didn't know any spells.
Your spell library was empty.

Dungeon Overview and Level Annotations

Branches:
Dungeon (5/15)
 Temple: D:4-7

Altars:
Makhleb

Annotations:
D:5 Blork the orc, Ijyb


Innate Abilities, Weirdness & Mutations

You cannot wear most types of armour.
You are amphibious.
You can wear up to eight rings at the same time.
Your skin changes colour to match your surroundings (Stealth+).
Your rubbery body absorbs attacks. (AC +1, EV +1)
((You are camouflaged when in or above water. (Stealth+)))
You have tentacles for arms and can constrict up to eight enemies at once.


Message History

An ogre comes into view. It is wielding a +0 giant club.
The ogre shouts!
You hear an angry hiss.
You see here 3 gold pieces.
You now have 3 gold pieces.
Blork the orc comes into view.
He is wielding a +0 hand axe.
Blork the orc drinks a potion.
Blork the orc seems to grow stronger.
Blork the orc barely misses you. Blork the orc closely misses you.
Blork the orc attacks as you move away! Blork the orc barely misses you.
You feel yourself speed up.
Blork the orc hits you with a +0 hand axe!
Ijyb the Twisted Goblin comes into view.
She is wielding a +0 dagger and carrying a wand of paralysis (10).
e - 2 amethyst potions
There are no items here.
Blork the orc casts a cantrip, but nothing happens.
A phantom comes into view.
A necrophage comes into view.
An ice beast comes into view.
Aiming: Dig
Press: ? - help, Shift-Dir - straight line A rock wall.
The rock shatters into small pieces.
The phantom hits you.
The phantom blinks!
You blink.
The phantom barely misses you. The ogre closely misses you.
Blork the orc begins to cast a cantrip, but forgets the words!
Found a silver wand.
Found 8 gold pieces.
Your extra speed is starting to run out.
You see here a wand of iceblast (3).
g - a wand of iceblast (3)
The ogre shouts!
You hear a shout!
The ogre falls through a shaft!
The shaft crumbles and collapses.
You feel yourself slow down.
h - a ruby potion An adder comes into view.
There are no items here.
A hound comes into view.
Found a whip.
Found a burning altar of Makhleb.
Are you sure you want to abandon this character and quit the game? (Confirm with "yes".)

.#.## #.# #.# #.## #.# #.#
W.# #.# #.# ..#* #.# ###.#
.#.#* #.# #...# ###.##*#.#
#.### ##*#..,,,* #.#
.##....>######.#########***
...#*.#.........@.......,,*
...##.#.######.######._.,,*
..S...*,,,,,....,* *,,,*,*
..##.,*****###.#,* *****,*
..#*,,*******#.#,* *,*
....$.**,,,,,..#,* **,**
#.##.#**,,,**###,* **,,,**
#....#,,,,,,,* *,**
**,***,** .,....,,,,,,,*
*,,****,** **,*


There were no monsters in sight!

Vanquished Creatures
  An adder (D:5)
1 creature vanquished.

Notes
Turn   | Place    | Note
-------+----------+-------------------------------------------
     0 | D:5      | Esekla the Octopode Delver began the quest for the Orb.
     0 | D:5      | Reached XP level 1. HP: 16/16 MP: 1/1
    11 | D:5      | Noticed a scorpion
    45 | D:5      | Reached XP level 2. HP: 5/21 MP: 2/2
   136 | D:5      | Noticed an ogre
   146 | D:5      | Noticed Blork the orc
   153 | D:5      | Noticed Ijyb
   165 | D:5      | Noticed a phantom
   169 | D:5      | Noticed a necrophage
   172 | D:5      | Noticed an ice beast
   247 | D:5      | Found a burning altar of Makhleb.
   249 | D:5      | Quit the game

Illustrated notes

Levels and vault maps discovered:
D:5:      layout_loops_ring, bloody_makhleb, uniq_ijyb, uniq_blork_the_orc

Action                     || total
---------------------------++-------
  Melee: Falchion          ||     5
         Constrict         ||     1
  Evoke: Wand              ||     1
    Use: Scroll            ||     2
         Potion            ||     1
  Dodge: Dodged            ||    11

Table legend: (Time is in decaauts)
 A = Elapsed time spent in this place.
 B = Non-inter-level travel time spent in this place.
 C = Inter-level travel time spent in this place.
 D = Time resting spent in this place.
 E = Time spent auto-exploring this place.
 F = Levels seen in this place.
 G = Mean time per level.
                   A        B        C        D        E       F      G
               +--------+--------+--------+--------+--------+-----+--------+
         Total |    230 |    230 |      0 |     74 |      0 |   1 |  230.0 |
       Dungeon |    230 |    230 |      0 |     74 |      0 |   1 |  230.0 |
               +--------+--------+--------+--------+--------+-----+--------+

Top non-repeatable levels by time:
     D:5: 230 daAuts
